 Dungeon Crawl Stone Soup version 0.29-a0-362-g5854e031c7 (webtiles) character file.

Game seed: 3800175656679347162

151 Essalna the Conjurer (level 5, 0/35 HPs)
             Began as a Demonspawn Conjurer on Apr 29, 2022.
             Slain by Jessica
             ... wielding a +5 club
              (7 damage)
             ... on level 3 of the Dungeon.
             The game lasted 00:03:57 (2776 turns).

Essalna the Conjurer (Demonspawn Conjurer)          Turns: 2776, Time: 00:03:59

Health: 0/35       AC:  0    Str:  8    XL:     5   Next: 10%
Magic:  10/10      EV: 14    Int: 21    God:
Gold:   177        SH:  0    Dex: 13    Spells: 3/10 levels left

rFire   . . .      SeeInvis .   (weapon currently unavailable)
rCold   . . .      Faith    .   (shield currently unavailable)
rNeg    . . .      Spirit   .   (body armour currently unavailable)
rPois   .          Reflect  .   (helmet currently unavailable)
rElec   .          Harm     .   (cloak currently unavailable)
rCorr   .          Rampage  .   (gloves currently unavailable)
Will    .....                   (boots currently unavailable)
Stlth   +++.......              (no amulet)
HPRegen 0.11/turn               (ring currently unavailable)
MPRegen 0.24/turn               (ring currently unavailable)

@: pig-form (expiring), very quick
A: fast, no casting, small, thin skeletal structure 1, magic regeneration
a: no special abilities


You were on level 3 of the Dungeon.
You were a filthy swine.
You visited 1 branch of the dungeon, and saw 3 of its levels.

You collected 177 gold pieces.

Inventory:

Hand Weapons
 c - a +0 spear
 n - a +3 dagger (melded)
Missiles
 o - a throwing net
Armour
 a - a +0 robe (melded)
Wands
 l - a wand of acid (7)
Scrolls
 d - a scroll of identify {unknown}
 e - 3 scrolls of teleportation {unknown}
 f - a scroll of vulnerability {unknown}
 g - 2 scrolls of enchant weapon {unknown}
 j - a scroll of immolation {unknown}
Potions
 b - a potion of magic
 h - a potion of curing {unknown}
 i - a potion of heal wounds {unknown}
 k - a potion of degeneration {unknown}
 m - a potion of resistance {unknown}
 p - 2 potions of attraction {unknown}


   Skills:
 + Level 0.0 Fighting
 - Level 1.7 Dodging
 - Level 3.1 Stealth
 + Level 3.3 Spellcasting
 + Level 5.0 Conjurations
 + Level 0.0 Translocations


You had 3 spell levels left.
You knew the following spells:

 Your Spells              Type           Power      Damage    Failure   Level
a - Magic Dart            Conj           96%        1d7       1%          1
b - Searing Ray           Conj           48%        2d6       2%          2
c - Iskenderun's Mystic   Conj/Tloc      14%        2d5       41%         4

Your spell library contained the following spells:

 Spells                   Type           Power      Damage    Failure   Level
 Dazzling Flash           Conj/Hex       28%        N/A       14%         3
 Fulminant Prism          Conj/Hex       7%         3d7       41%         4


Dungeon Overview and Level Annotations

Branches:
Dungeon (3/15)

Altars:

Annotations:
D:3 Jessica


Innate Abilities, Weirdness & Mutations

You are a filthy swine.
You move quickly.
Your equipment is almost entirely melded.
You are incapable of wielding weapons or throwing items.
You cannot cast spells.
You have a somewhat thin skeletal structure. (Dex +2, Stealth+)
You regenerate magic rapidly.


Message History

Jessica the Apprentice Sorceress comes into view.
She is wielding a +5 club and carrying a wand of polymorph (10).
Jessica shouts!
Jessica zaps a wand.
You turn into a filthy swine.
Your +3 dagger melds into your body.
Your +0 robe melds into your body.
Jessica is nearby!
Jessica mumbles some strange words.
Jessica blinks!
Jessica hits you with a +5 club!
You hit Jessica.
Jessica is lightly wounded.
Jessica barely misses you.
You hit Jessica but do no damage.
Jessica is lightly wounded.
Jessica closely misses you.
You hit Jessica.
Jessica is moderately wounded.
Jessica misses you.
You hit Jessica.
Jessica is heavily wounded.
Jessica barely misses you.
You hit Jessica.
Jessica is severely wounded.
Jessica hits you with a +5 club.
You barely miss Jessica.
Jessica is severely wounded.
Jessica gestures wildly while chanting.
Jessica blinks!
Jessica barely misses you.
You hit Jessica.
Jessica is severely wounded.
Your transformation is almost over.
Jessica hits you with a +5 club!
You hit Jessica.
Jessica is almost dead.
Jessica hits you with a +5 club!
* * * LOW HITPOINT WARNING * * *
You barely miss Jessica.
Jessica is almost dead.
Jessica hits you with a +5 club!
You die...

#.# ##+## #.# #.# #.#
#.# #.# #.# #.# #.#
##.##########.# ##.##
##...#.........#
#...####......#########
#.#.....#.........#
#...#....@.##.###.#
#####.#.#h.##.#
#.#.......#
#.###..######
#.###........
#......###### ######.#
.# .. .##


You could see Jessica.

Vanquished Creatures
  Natasha (twice) (D:2)
  3 gnolls (D:2)
  2 adders (D:2)
  2 worms
  2 dart slugs
  5 ball pythons
  3 endoplasms
  2 goblins (D:2)
  3 hobgoblins
  6 jackals
  5 kobolds
  2 quokkas (D:1)
  4 bats
  A frilled lizard (D:1)
42 creatures vanquished.

Notes
Turn   | Place    | Note
-------+----------+-------------------------------------------
     0 | D:1      | Essalna the Demonspawn Conjurer began the quest for the
                  | Orb.
     0 | D:1      | Reached XP level 1. HP: 13/13 MP: 3/3
   286 | D:1      | Gained mutation: You have a somewhat thin skeletal
                  | structure. (Dex +2, Stealth+) [demonic ancestry]
   286 | D:1      | Reached XP level 2. HP: 16/19 MP: 0/5
   912 | D:1      | Learned a level 2 spell: Searing Ray
  1357 | D:2      | Reached XP level 3. HP: 24/24 MP: 2/6
  2132 | D:2      | Noticed Natasha
  2136 | D:2      | Killed Natasha
  2137 | D:2      | Gained mutation: You regenerate magic rapidly. [demonic
                  | ancestry]
  2137 | D:2      | Reached XP level 4. HP: 24/30 MP: 2/8
  2228 | D:2      | Noticed Natasha
  2236 | D:2      | Killed Natasha
  2282 | D:2      | Found a faded altar of an unknown god.
  2389 | D:2      | Reached XP level 5. HP: 35/35 MP: 1/9
  2413 | D:2      | Reached skill level 5 in Conjurations
  2609 | D:3      | Learned a level 4 spell: Iskenderun's Mystic Blast
  2760 | D:3      | Noticed Jessica
  2776 | D:3      | Slain by Jessica

Illustrated notes

Levels and vault maps discovered:
D:1:      shiori_arrival_oz, layout_loops_corners, minmay_tree_intersection
D:2:      layout_loops_ring, dreamdust_ecumenical_altar_angels_and_demons,
          uniq_natasha
D:3:      layout_loops_corners, elyvilon_altar_5, uniq_jessica

Skill      XL: |  1  2  3  4  5 |
---------------+----------------+-----
Stealth        | 2 3 |  3.1
Spellcasting   | 3 |  3.3
Conjurations   | 5 |  5.0
Dodging        | |  1.7

Action                   |  1- 3 |  4- 6 || total
-------------------------+-------+-------++-------
Melee: Spear             |    17 |     1 ||    18
       Unarmed           |       |     9 ||     9
 Cast: Magic Dart        |    54 |    24 ||    78
       Searing Ray       |     3 |     3 ||     6
 Stab: Sleeping          |     1 |       ||     1
Armor: Robe              |     1 |       ||     1
Dodge: Dodged            |    13 |    11 ||    24

Table legend: (Time is in decaauts)
 A = Elapsed time spent in this place.
 B = Non-inter-level travel time spent in this place.
 C = Inter-level travel time spent in this place.
 D = Time resting spent in this place.
 E = Time spent auto-exploring this place.
 F = Levels seen in this place.
 G = Mean time per level.
                   A        B        C        D        E       F      G
               +--------+--------+--------+--------+--------+-----+--------+
         Total |   2773 |   2736 |     37 |      0 |   2459 |   3 |  924.3 |
       Dungeon |   2773 |   2736 |     37 |      0 |   2459 |   3 |  924.3 |
               +--------+--------+--------+--------+--------+-----+--------+

Top non-repeatable levels by time:
     D:1: 1351 daAuts
     D:2: 1251 daAuts
     D:3: 170 daAuts
